 Dungeon Crawl Stone Soup version 0.20-a0-513-g02c11fc (webtiles) character file.

272 Klosterheim the Chopper (level 6, -5/49 HPs)
             Began as a Barachian Skald on Jan 22, 2017.
             Killed by divine providence
             ... invoked by an orc priest
              (16 damage)
             ... on level 3 of the Dungeon.
             The game lasted 00:06:19 (4049 turns).

Klosterheim the Chopper (Barachian Skald)           Turns: 4049, Time: 00:06:20

Health: -5/49      AC: 12    Str: 11    XL:     6   Next: 23%
Magic:  9/9        EV:  2    Int: 11    God:
Gold:   104        SH:  0    Dex: 11    Spells: 9/9 levels left

rFire    . . .     SeeInvis .   s - +0 war axe
rCold    . . .     Gourm    .   q - +0 plate armour
rNeg     . . .     Faith    .   (no shield)
rPois    .         Spirit   .   (no helmet)
rElec    .         Reflect  .   h - +0 cloak
rCorr    .         Harm     .   (no gloves)
MR       .....                  e - +0 pair of boots
Stlth    ..........             (no amulet)
Regen    0.2/turn               (no ring)
                                (no ring)

@: slow
A: swims, slowness 1, strong legs 1
a: Hop


You were on level 3 of the Dungeon.
You were hungry.

You visited 1 branch of the dungeon, and saw 3 of its levels.

You collected 104 gold pieces.

Inventory:

Hand Weapons
 a - a +0 hand axe
 s - a +0 war axe (weapon)
Armour
 e - a +0 pair of boots (worn)
 f - a +0 ring mail
 h - a +0 cloak (worn)
 q - a +0 plate armour (worn)
Jewellery
 n - an uncursed ring of fire
Scrolls
 b - a scroll of random uselessness {unknown}
 g - a scroll of remove curse {unknown}
 i - a scroll of teleportation {unknown}
 j - a scroll of fear
 k - a scroll of enchant armour {unknown}
 l - a scroll of amnesia
 o - a scroll of fog {unknown}
Potions
 m - a potion of beneficial mutation {unknown}
Books
 c - a book of Battle

   Spells                             Type                      Level
   a - Infusion                       Charms                       1
   b - Shroud of Golubria             Charms/Translocation         2
   c - Song of Slaying                Charms                       2
   d - Spectral Weapon                Hexes/Charms                 3
   e - Regeneration                   Charms/Necromancy            3
Comestibles
 d - 4 bread rations
 p - 4 chunks of flesh
 r - 4 fruits


   Skills:
 + Level 4.4 Fighting
 * Level 5.2 Axes
 - Level 1.1 Armour
 - Level 2.0 Dodging
 - Level 2.0 Spellcasting
   Level 3.0 Charms


You had 9 spell levels left.
You didn't know any spells.

Dungeon Overview and Level Annotations

Branches:
Dungeon (3/15)

Altars:
Ashenzari


Innate Abilities, Weirdness & Mutations

You can swim through water.
You cover ground slowly.
You can hop short distances.


Message History

* * * LOW HITPOINT WARNING * * *
The orc hits you but does no damage.
There is a stone staircase leading up, spattered with blood here.
Your plate armour prevents you from hitting the orc priest.
You barely miss the orc.
The orc priest hits you but does no damage.
The orc hits you with a flail.
* * * LOW HITPOINT WARNING * * *
The orc priest hits you but does no damage.
You hit the orc priest.
The orc priest is lightly wounded.
You closely miss the orc. The orc completely misses you.
The orc priest hits you but does no damage.
You hit the orc priest.
The orc priest is heavily wounded.
You hit the orc. The orc hits you with a flail.
* * * LOW HITPOINT WARNING * * *
The orc priest invokes the aid of Beogh against you.
Beogh smites you!
You die...

########### ## #.........#
#.. #.........# ..
#.........## ######.##
#..........#####@o..)..#
...........(.)).[o..†.((...
#.........##.###.......#.#.
#.........##.# #.#####.#
#.........##.# #.# .#
.........###.# #.. .
.#######.# #.# ### #
.#######.# #.# .........#
#.#####


You could see an orc priest and an orc.

Vanquished Creatures
  A scorpion (D:3)
  Crazy Yiuf (D:2)
  An orc priest (D:3)
  2 orc wizards (D:3)
  4 adders (D:2)
  2 dart slugs (D:1)
  A leopard gecko (D:3)
  12 orcs
  6 bats
  2 giant cockroaches
  8 goblins
  7 hobgoblins
  7 kobolds
  2 quokkas (D:3)
  A ball python (D:2)
  3 frilled lizards
  A quokka skeleton (D:3)
  6 rats
67 creatures vanquished.

Notes
Turn   | Place    | Note
-------+----------+-------------------------------------------
     0 | D:1      | Klosterheim the Barachian Skald began the quest for the Orb.
     0 | D:1      | Reached XP level 1. HP: 16/16 MP: 3/3
   396 | D:1      | Reached XP level 2. HP: 19/23 MP: 5/5
  1315 | D:2      | Reached skill level 3 in Axes
  1315 | D:2      | Reached XP level 3. HP: 20/28 MP: 6/6
  1917 | D:2      | Reached XP level 4. HP: 30/35 MP: 7/7
  1918 | D:2      | Found a shattered altar of Ashenzari.
  2378 | D:2      | Found a runed door.
  2386 | D:2      | Noticed Crazy Yiuf
  2397 | D:2      | Killed Crazy Yiuf
  2397 | D:2      | Reached skill level 4 in Axes
  2594 | D:2      | Reached XP level 5. HP: 19/42 MP: 8/8
  3711 | D:3      | Reached skill level 5 in Axes
  3711 | D:3      | Reached XP level 6. HP: 17/48 MP: 9/9
  4049 | D:3      | Killed from afar by an orc priest

Vault maps used:
D:1:      dpeg_arrival_round_c, supply_closet_lemuel
D:2:      overflow_temple_1_default, grunt_ministairs_12,
          hangedman_decor_clover_reticule, uniq_crazy_yiuf_cottage
D:3:      first_bread

Skill      XL: |  1  2  3  4  5 |
---------------+----------------+-----
Axes           | 3 4 5 |  5.2
Fighting       | 3 4 |  4.4
Armour         | |  1.1
Dodging        | |  2.0
Spellcasting   | |  2.0
Charms         | |  3.0

Action                   |  1- 3 |  4- 6 || total
-------------------------+-------+-------++-------
Melee: Hand axe          |   116 |   249 ||   365
       War axe           |       |    10 ||    10
 Abil: Hop               |       |     2 ||     2
  Use: Scroll            |       |     3 ||     3
       Potion            |       |     1 ||     1
  Eat: Chunk             |     4 |     2 ||     6
       Meat ration       |       |     1 ||     1
Armor: Leather armour    |     4 |       ||     4
       Ring mail         |    53 |    10 ||    63
       Plate armour      |       |   270 ||   270
Dodge: Dodged            |    69 |    40 ||   109
